 Dungeon Crawl Stone Soup version 0.30-a0-793-g160f7cfddd (webtiles) character file.

Game seed: 10707697106372208221

2 PLAYERX the Thaumaturge (level 1, 0/20 HPs)
             Began as a Gnoll Wanderer on Feb 19, 2023.
             Slain by a hobgoblin (2 damage)
             ... on level 1 of the Dungeon.
             The game lasted 00:01:49 (104 turns).

PLAYERX the Thaumaturge (Gnoll Wanderer)             Turns: 104, Time: 00:01:49

Health: 0/20       AC:  3    Str:  9    XL:     1   Next: 30%
Magic:  12/12      EV: 10    Int: 15    God:
Gold:   4          SH:  0    Dex:  9    Spells: 21/22 levels left

rFire   . . .      SeeInvis .    a - +0 club
rCold   . . .      Faith    .    (no shield)
rNeg    . . .      Spirit   .    b - +0 leather armour
rPois   .          Reflect  .    (no helmet)
rElec   .          Harm     .    (no cloak)
rCorr   +          Rampage  .    (no gloves)
Will    .....                    (no boots)
Stlth   +                        (no amulet)
HPRegen 0.23/turn                e - ring of resist corrosion
MPRegen 0.13/turn                (no ring)

@: no status effects
A: fangs 1, strong nose, distributed training
a: no special abilities


You were on level 1 of the Dungeon.
You visited 1 branch of the dungeon, and saw 1 of its levels.

You collected 4 gold pieces.

Inventory:

Hand Weapons
 a - a +0 club (weapon)
Armour
 b - a +0 leather armour (worn)
Jewellery
 e - a ring of resist corrosion (left hand)
Potions
 d - a potion of lignification
 f - a potion of brilliance


   Skills:
 + Level 4.4 Fighting
 + Level 0.0 Short Blades
 + Level 0.0 Long Blades
 + Level 0.0 Axes
 + Level 0.0 Maces & Flails
 + Level 0.0 Polearms
 + Level 0.0 Staves
 + Level 0.0 Ranged Weapons
 + Level 0.0 Throwing
 + Level 0.0 Armour
 + Level 0.0 Dodging
 + Level 0.0 Stealth
 + Level 0.0 Shields
 + Level 0.0 Unarmed Combat
 + Level 11.2 Spellcasting
 + Level 1.9 Conjurations
 + Level 0.0 Hexes
 + Level 0.0 Summonings
 + Level 0.0 Necromancy
 + Level 0.0 Translocations
 + Level 0.0 Transmutations
 + Level 0.0 Fire Magic
 + Level 0.0 Ice Magic
 + Level 0.0 Air Magic
 + Level 0.0 Earth Magic
 + Level 0.0 Poison Magic
 + Level 0.1 Invocations
 + Level 2.3 Evocations


You had 21 spell levels left.
You knew the following spells:

 Your Spells              Type           Power      Damage    Failure   Level
a - Foxfire               Conj/Fire      44%        2x1d6     9%          1

Your spell library contained the following spells:

 Spells                   Type           Power      Damage    Failure   Level
 Freeze                   Ice            32%        1d5       12%         1
 Hailstorm                Conj/Ice       11%        3d5       24%         3
 Mephitic Cloud           Conj/Pois/Air  10%        N/A       26%         3
 Spider Form              Tmut/Pois      8%         N/A       34%         3
 Vampiric Draining        Necr           8%         2d6       34%         3


Dungeon Overview and Level Annotations

Branches:
Dungeon (1/15)

Altars:


Innate Abilities, Weirdness & Mutations

You have very sharp teeth.
Your uncanny sense of smell can sniff out nearby items.
Your experience applies equally to all skills.


Message History

You hit the hobgoblin.
The hobgoblin is severely wounded.
The ball python barely misses you. The ball python grabs you.
The ball python constricts you. The hobgoblin hits you.
You hit the ball python.
The ball python is severely wounded.
The ball python completely misses you. The ball python constricts you.
The hobgoblin hits you.
The ball python bites you but does no damage.
The ball python constricts you.
You are too injured to fight recklessly!
You are too injured to fight recklessly!
You are too injured to fight recklessly!
You are too injured to fight recklessly!
You closely miss the ball python.
The ball python is severely wounded.
The ball python bites you but does no damage.
The ball python constricts you.
* * * LOW HITPOINT WARNING * * *
The hobgoblin hits you but does no damage.
You barely miss the ball python. Your bite misses the ball python.
The ball python is severely wounded.
The ball python bites you but does no damage.
The ball python constricts you. The hobgoblin barely misses you.
The ball python barely misses you. The ball python constricts you.
* * * LOW HITPOINT WARNING * * *
The hobgoblin completely misses you.
You closely miss the ball python. You bite the ball python.
You kill the ball python!
The hobgoblin barely misses you. The hobgoblin attacks as you move away!
The hobgoblin barely misses you.
You see here a ball python corpse.
You closely miss the hobgoblin.
The hobgoblin is severely wounded.
The hobgoblin hits you.
* * * LOW HITPOINT WARNING * * *
You hit the hobgoblin but do no damage.
The hobgoblin is severely wounded.
The hobgoblin hits you.
You die...

.##########.....#
... ............#
.> #######.....#
#. #####.....# #.#
#.........# #..
##.......###
###.##........#
#...g.......[.#
#...@.........#
#.............#
.................#
##...............#
#.!......)......#
#........########
...##..#..# ###
##.....


You could see a hobgoblin.

Vanquished Creatures
  A kobold (D:1)
  A ball python (D:1)
2 creatures vanquished.

Notes
Turn   | Place    | Note
-------+----------+-------------------------------------------
     0 | D:1      | Reached skill level 11 in Spellcasting
     0 | D:1      | PLAYERX the Gnoll Wanderer began the quest for the Orb.
     0 | D:1      | PLAYERX set off with the following items: a +0 club, a
                  | potion of brilliance, a +0 robe, a potion of lignification;
                  | and the following spells available to memorise: Foxfire,
                  | Freeze, Hailstorm, Mephitic Cloud, Spider Form, Vampiric
                  | Draining.
     0 | D:1      | Reached XP level 1. HP: 20/20 MP: 12/12
     2 | D:1      | Learned a level 1 spell: Foxfire
   104 | D:1      | Slain by a hobgoblin

Illustrated notes

Levels and vault maps discovered:
D:1:      dpeg_arrival_boxorama, layout_rooms, chequers_serial_rivers_micro_c,
          kennysheep_nondescript

Skill      XL: | |
---------------+-+-----
Spellcasting   | | 11.2
Fighting       | |  4.4
Conjurations   | |  1.9
Invocations    | |  0.1
Evocations     | |  2.3

Action                     || total
---------------------------++-------
  Melee: Club              ||    12
         Bite              ||     2
         Punch             ||     1
 Armour: Leather armour    ||     6
  Dodge: Dodged            ||    15

Table legend: (Time is in decaauts)
 A = Elapsed time spent in this place.
 B = Non-inter-level travel time spent in this place.
 C = Inter-level travel time spent in this place.
 D = Time resting spent in this place.
 E = Time spent auto-exploring this place.
 F = Levels seen in this place.
 G = Mean time per level.
                   A        B        C        D        E       F      G
               +--------+--------+--------+--------+--------+-----+--------+
         Total |    106 |    106 |      0 |     14 |      0 |   1 |  106.0 |
       Dungeon |    106 |    106 |      0 |     14 |      0 |   1 |  106.0 |
               +--------+--------+--------+--------+--------+-----+--------+

Top non-repeatable levels by time:
     D:1: 106 daAuts
